 Dungeon Crawl Stone Soup version 0.21.1-1-g345015f (webtiles) character file.

235 shakethe the Insei (level 6, 0/38 HPs)
             Began as an Octopode Transmuter on Feb 8, 2018.
             Was an Initiate of Cheibriados.
             Slain by shakethe's ghost (8 damage)
             ... on level 3 of the Dungeon.
             The game lasted 00:11:03 (2684 turns).

shakethe the Insei (Octopode Transmuter)            Turns: 2684, Time: 00:11:03

Health: 0/38       AC:  1    Str: 10    XL:     6   Next: 5%
Magic:  9/9        EV: 14    Int: 16    God:    Cheibriados [......]
Gold:   72         SH:  0    Dex: 16    Spells: 5/9 levels left

rFire    . . .     SeeInvis .     - Unarmed
rCold    . . .     Gourm    .   (no shield)
rNeg     . . .     Faith    .   (helmet restricted)
rPois    .         Spirit   .   d - amulet of regeneration
rElec    .         Reflect  .   (no ring)
rCorr    .         Harm     .   (no ring)
MR       .....                  (no ring)
Stlth    ++........             (no ring)
HPRegen  0.52/turn              (no ring)
MPRegen  0.11/turn              (no ring)
                                (no ring)
                                (no ring)

@: starving, very slow
A: almost no armour, stealthy swim, amphibious, 8 rings, constrict 8, camouflage
1, gelatinous body 1
a: Bend Time, Renounce Religion


You were on level 3 of the Dungeon.
You worshipped Cheibriados.
Cheibriados was noncommittal.
You were starving.

You visited 1 branch of the dungeon, and saw 3 of its levels.

You collected 72 gold pieces.

Inventory:

Missiles
 a - 46 arrows
Armour
 m - a +0 large shield
Jewellery
 d - an amulet of regeneration (around mantle)
Scrolls
 i - 6 scrolls of identify {unknown}
 j - a scroll of fog {unknown}
 k - a scroll of teleportation {unknown}
 n - a scroll of enchant weapon {unknown}
 q - 2 scrolls of blinking {unknown}
 r - a scroll of immolation {unknown}
Potions
 e - 3 potions of haste {unknown}
 f - 4 potions of brilliance {unknown}
 g - a potion of flight {unknown}
 h - a potion of degeneration {unknown}
 l - 2 potions of curing {unknown}
 o - a potion of lignification {unknown}
 p - a potion of might {unknown}
 s - a potion of magic {unknown}
 t - a potion of mutation {unknown}
Books
 b - a book of Changes

   Spells                             Type                      Level
   a - Beastly Appendage              Transmutation                1
   b - Sticks to Snakes               Transmutation                2
   c - Spider Form                    Transmutation/Poison         3
   d - Ice Form                       Ice/Transmutation            4
   e - Blade Hands                    Transmutation                5
Comestibles
 c - 4 rations


   Skills:
 - Level 1.0 Fighting
 - Level 2.0 Dodging
 - Level 5.0 Unarmed Combat
 - Level 2.0 Spellcasting
 + Level 4.5 Transmutations


You had 5 spell levels left.
You knew the following spells:

 Your Spells              Type           Power        Failure   Level  Hunger
a - Beastly Appendage     Tmut           ###...       3%          1    #......
b - Spider Form           Tmut/Pois      #.........   24%         3    ###....


Dungeon Overview and Level Annotations

Branches:
Dungeon (3/15)

Altars:
Cheibriados
Okawaru
Yredelemnul

Annotations:
D:3 exclusion: 2 player ghosts, shakethe's ghost, novice GrWr


Innate Abilities, Weirdness & Mutations

You cannot wear most types of armour.
You are very stealthy in the water. (Stealth+)
You are amphibious.
You can wear up to eight rings at the same time.
You can use your tentacles to constrict eight enemies at once.
Your skin changes colour to match your surroundings (Stealth+).
Your rubbery body absorbs attacks. (AC +1, EV +1)


Message History

Your transformation has ended.
Shakethe's ghost hits you.
* * * LOW HITPOINT WARNING * * *
Shakethe's ghost misses you.
You are starving!
Shakethe's ghost closely misses you. Shakethe's ghost barely misses you.
You see here a robe.
Shakethe's ghost barely misses you. Shakethe's ghost hits you!
* * * LOW HITPOINT WARNING * * *
Shakethe's ghost hits you.
* * * LOW HITPOINT WARNING * * *
Shakethe's ghost barely misses you. Shakethe's ghost hits you!
* * * LOW HITPOINT WARNING * * *
Shakethe's ghost says very slowly, "There's no hope."
Shakethe's ghost misses you. Shakethe's ghost hits you!
You die...

### ##.## #########.#.##
#........###.#
#####.#####.## ##.
#.......<..## ##
###########@#######.#.##
##. #.........W.##
#.##.###.#
#.########.#.##
#.###.#.## #.# #.###.#
#...##.## #.# ##.#.##
#.#.##.## #.# ##.##
#.#....... #.#
#.#######......### #.#
#####.........#.......
#.#
#.....###..........###


You could see shakethe's ghost.

Vanquished Creatures
  3 orc priests (D:3)
  3 orc wizards (D:3)
  An adder (D:3)
  A worm (D:3)
  2 leopard geckos (D:2)
  7 orcs (D:3)
  5 giant cockroaches
  3 goblins (D:1)
  4 hobgoblins
  4 jackals
  A quokka (D:3)
  10 bats
  4 frilled lizards
  3 kobolds
  6 rats
57 creatures vanquished.

Notes
Turn   | Place    | Note
-------+----------+-------------------------------------------
     0 | D:1      | shakethe the Octopode Transmuter began the quest for the Orb.
     0 | D:1      | Reached XP level 1. HP: 13/13 MP: 3/3
   102 | D:1      | Reached XP level 2. HP: 15/18 MP: 3/5
   606 | D:1      | Reached skill level 4 in Unarmed Combat
   881 | D:2      | Found an iron altar of Okawaru.
   899 | D:2      | Reached XP level 3. HP: 22/23 MP: 4/6
  1119 | D:2      | Found a basalt altar of Yredelemnul.
  1400 | D:2      | Found a snail-covered altar of Cheibriados.
  1679 | D:3      | Noticed shakethe's ghost (novice GrWr)
  1805 | D:3      | Reached skill level 5 in Unarmed Combat
  1805 | D:3      | Reached XP level 4. HP: 16/28 MP: 7/7
  1981 | D:3      | Reached XP level 5. HP: 23/33 MP: 8/8
  1987 | D:3      | Learned a level 3 spell: Spider Form
  2251 | D:3      | Reached XP level 6. HP: 16/38 MP: 6/9
  2273 | D:2      | Became a worshipper of Cheibriados the Contemplative
  2684 | D:3      | Slain by shakethe's ghost

Skill      XL: |  1  2  3  4  5 |
---------------+----------------+-----
Unarmed Combat | 4 5 |  5.0
Transmutations | 3 4 |  4.5
Fighting       | |  1.0
Dodging        | |  2.0
Spellcasting   | |  2.0

Action                   |  1- 3 |  4- 6 || total
-------------------------+-------+-------++-------
Melee: Unarmed           |    81 |    63 ||   144
       Constrict         |    18 |    13 ||    31
       Kick              |     9 |     9 ||    18
       Punch             |     3 |     2 ||     5
       Tentacles         |     7 |    17 ||    24
 Cast: Beastly Appendage |    16 |     8 ||    24
       Spider Form       |       |     1 ||     1
Invok: Bend Time         |       |     1 ||     1
 Stab: Sleeping          |     7 |     2 ||     9
  Eat: Ration            |     1 |       ||     1
       Chunk             |       |     1 ||     1
Armor: Skin              |     9 |     1 ||    10
Dodge: Dodged            |    46 |    35 ||    81
